[Event "*** MasterClass Titled Tuesday Blitz"]
[Site "Chess.com"]
[Date "2017.11.07"]
[Round "10"]
[White "michaelq2d5"]
[Black "hansen"]
[Result "0-1"]
[WhiteElo "2632"]
[BlackElo "2589"]
[TimeControl "180+2"]
[EndTime "16:18:34 PST"]
[Termination "hansen won on time"]

1. d4 Nf6 2. c4 e6 3. g3 d5 4.
Bg2 Bb4+ 5. Nd2 O-O 6. Nf3 c6 7. O-O b6 8. b3 Bb7 9. Bb2 Nbd7 10. Qc2 Rc8 11. a3 Be7 12. e4 c5 13. exd5 exd5 14. Nh4 Re8 15. Nf5 Bf8 16. Ne3 cxd4 17. Bxd4 Rc7 18. Qb2 dxc4 19. Bxb7 c3 20. Bxc3 Rxb7 21. Rad1 Qa8 22. Ndc4 Rc7 23. Rfe1 b5 24. Bxf6 Nxf6 25. Nd2 Bc5 26. Ndf1 h5 27. h4 Rce7 28. b4 Bb6 29. Re2 Ng4 30. Rde1 Ne5 31. Nh2 Nd3 32. Qc3 Nxe1 33. Rxe1 Bxe3 34. fxe3 Qe4 35. Qc5 Qc4 36. Qxh5 Rxe3 37. Rxe3 Rxe3 38. Nf1 Rxa3 39. Qf5 Ra2 40. Ne3 Qc1+ 41. Nf1 Qc2 0-1

[Event "*** MasterClass Titled Tuesday Blitz"]
[Site "Chess.com"]
[Date "2017.11.07"]
[Round "10"]
[White "Maitreia"]
[Black "ChainsOfFantasia"]
[Result "0-1"]
[WhiteElo "2477"]
[BlackElo "2512"]
[TimeControl "180+2"]
[EndTime "16:18:48 PST"]
[Termination "ChainsOfFantasia won on time"]

1. c4 e6 2. g3 d5 3. Bg2 Nf6 4. Nf3 Be7 5. O-O O-O 6. b3 c5 7. Bb2 Nc6 8. e3 d4 9. exd4 cxd4 10. Re1 Ne8 11. d3 f6 12. a3 a5 13. Nbd2 e5 14. Qc2 Nc7 15. h4 Kh8 16. h5 Rb8 17. c5 Na6 18. h6 g5 19. Ne4 Bf5 20. b4 axb4 21. axb4 Ncxb4 22. Qc4 Nxd3 23. Qxd3 Nxc5 24. Nxc5 Bxd3 25. Nxd3 Bd6 26. Nd2 Re8 27. Rad1 Rc8 28. Ne4 Rc2 29. Ba1 f5 30. Nxd6 Qxd6 31. Nxe5 Kg8 32.
Rxd4 Rxe5 33. Rxe5 Rc1+ 34. Kh2 Qxh6+ 35. Bh3 Rxa1 36.
Rd7 Ra8 37. Kg2 g4 38. Bxg4 fxg4 39. Rd4 Qh3+ 40. Kg1 Ra1+ 0-1

[Event "*** MasterClass Titled Tuesday Blitz"]
[Site "Chess.com"]
[Date "2017.11.07"]
[Round "10"]
[White "nicegg"]
[Black "pandamaster3000"]
[Result "1-0"]
[WhiteElo "2014"]
[BlackElo "2266"]
[TimeControl "180+2"]
[EndTime "16:18:48 PST"]
[Termination "nicegg won by resignation"]

1. e4 e6 2. Qe2 b6 3. f4 Bb7 4.
d3 c5 5. c3 Nc6 6. Qf3 d5 7.
Be3 Ba6 8. Nd2 dxe4 9. dxe4 Bxf1 10. Qxf1 Nf6 11. O-O-O Qc7 12. Qf3 O-O-O 13. g4 h5 14. g5 Ng4 15. h3 Nxe3 16. Qxe3 g6 17. Ngf3 Bg7 18. e5 Ne7 19. Nc4 Nf5 20. Qe4 Kb8 21. Rhg1 Rhe8 22. a4 Bf8 23. Kc2 Rxd1 24. Rxd1 Rd8 25.
Rxd8+ Qxd8 26. Qc6 Qc8 27. Qxc8+ Kxc8 28. Nfd2 Be7 29.
Ne4 Kd7 30. Kd3 Kc6 31. Nf6 Bxf6 32. gxf6 a6 33. Nd2 Nh4 34. Ke4 b5 35. axb5+ axb5 36. b3 Nf5 37. Nf3 Nh6 38. Ng5 Kb6 39. b4 Kc6 40. Nf3 Kb6 41. Ne1 Kc6 42. Nd3 c4 43. Nc5 Nf5 44. Nxe6 Nh6 45. Nd4+ Kb6 46. f5 g5 47. e6 Kc7 48. Nxb5+ Kd8 49. Nd4 g4 50. hxg4 hxg4 51. e7+ Kd7 52. Nb5 g3 53. Nd6 g2 54.
e8=Q+ Kxd6 55. Qe5+ Kd7 56. Qg3 Nxf5 57. Kxf5 1-0

[Event "*** MasterClass Titled Tuesday Blitz"]
[Site "Chess.com"]
[Date "2017.11.07"]
[Round "10"]
[White "StoreySniper"]
[Black "MateusViageiro"]
[Result "1-0"]
[WhiteElo "2316"]
[BlackElo "2256"]
[TimeControl "180+2"]
[EndTime "16:18:49 PST"]
[Termination "StoreySniper won on time"]

1. e4 c5 2. Nc3 d6 3. Nf3 e6 4.
d4 cxd4 5. Nxd4 Nf6 6. f3 a6 7.
Be3 Nbd7 8. Qd2 Qc7 9. g4 Nb6 10.
g5 Nfd7 11. Qe2 Ne5 12. f4 Nec4 13. Bc1 Bd7 14. Bg2 Rc8 15. O-O Be7 16. a4 Qc5 17. Qf2 O-O 18. b3 Ne5 19. Nce2 Ng4 20. Qg3 e5 21.
fxe5 Nxe5 22. Ba3 Qc7 23. a5 Na8 24. Nf4 Qd8 25. h4 Nc7 26. Nf5 Bxf5 27. exf5 Nb5 28. f6 Rxc2 29. Nd5 Bxf6 30. gxf6 g6 31. Rf2 Rxf2 32. Qxf2 Qxa5 33. Bb2 Qd8 34. Bxe5 dxe5 35. Qd2 Kh8 36. Qh6 Rg8 37. Re1 Nd4 38. Rxe5 b5 39.
Qe3 1-0

[Event "*** MasterClass Titled Tuesday Blitz"]
[Site "Chess.com"]
[Date "2017.11.07"]
[Round "10"]
[White "Vamostodorecto"]
[Black "Angry_Serb"]
[Result "1/2-1/2"]
[WhiteElo "2291"]
[BlackElo "2407"]
[TimeControl "180+2"]
[EndTime "16:18:51 PST"]
[Termination "Game drawn by repetition"]

1. d4 Nf6 2. c4 c5 3. d5 e6 4. Nc3 exd5 5. cxd5 Bd6 6. e4 O-O 7. Nf3 Re8 8. Bd3 Bc7 9. O-O d6 10. Bg5 h6 11. Bh4 a6 12. a4 Nbd7 13. Re1 Nf8 14. Bg3 Nh5 15. Nd2 Nxg3 16. hxg3 Nh7 17. Nc4 Rb8 18.
a5 Nf6 19. e5 dxe5 20. d6 Be6 21. dxc7 Qxc7 22. Nxe5 Rbd8 23. Qc2 c4 24. Bf5 Bd5 25. Nxd5 Rxd5 26. Ng4 Rxe1+ 27. Rxe1 Qxa5 28. Nxf6+ gxf6 29. Re8+ Kg7 30. Bg4 Re5 31. Rxe5 fxe5 32. Qxc4 Qa1+ 33. Kh2 Qxb2 34. Be2 b5 35. Qg4+ Kf6 36. Qf3+ Ke7 37. Qb7+ Kf8 38. Bf3 Qxf2 39. Qb8+ Kg7 40. Qxe5+ Kg8 41.
Qe8+ Kg7 42. Qe5+ Kg8 43. Qb8+ Kg7 44. Qb7 Qc5 45. Bd5 Qf2 46. Qxa6 b4 47. Qb7 Qf5 48. Bf3 Qc5 49. Qe4 b3 50. Qg4+ Kf8 51. Qe4 b2 52. Qb1 Qc1 53. Be4 Qd2 54. Qc2 Qd4 55. Qd3 Qe5 56.
Qd8+ Kg7 57. Qd3 Qh5+ 58. Kg1 Qe5 59. Kh2 Qh5+ 60. Kg1 Qc5+ 61. Kh2 Qh5+ 62. Kg1 1/2-1/2

[Event "*** MasterClass Titled Tuesday Blitz"]
[Site "Chess.com"]
[Date "2017.11.07"]
[Round "10"]
[White "EndgameGrinder"]
[Black "Zufi1811"]
[Result "0-1"]
[WhiteElo "2474"]
[BlackElo "2438"]
[TimeControl "180+2"]
[EndTime "16:19:00 PST"]
[Termination "Zufi1811 won by resignation"]

1. e4 c5 2. Nf3 d6 3. d4 cxd4 4. Nxd4 Nf6 5. Nc3 a6 6. Bg5 e6 7.
f4 Qc7 8. Bxf6 gxf6 9. Qd2 Nc6 10.
O-O-O Bd7 11. Be2 h5 12. Rhf1 O-O-O 13. Rf3 Kb8 14. a3 Be7 15. Rh3 h4 16. Nxc6+ Bxc6 17. Qe1 d5 18. exd5 Qxf4+ 19. Kb1 exd5 20. Bxa6 Bc5 21. Bb5 d4 22. Ne2 Qe5 23. Bxc6 bxc6 24. Nc1 Qxe1 25. Rxe1 Rdg8 26. Re2 Rg4 27. Rf3 Rh6 28.
Nd3 Bd6 29. h3 Rg5 30. Re4 c5 31. Rg4 Rxg4 32. hxg4 Rg6 33. Nf2 Kc7 34. Ka2 Kc6 35. Kb3 Kd5 36. Rf5+ Be5 37. c4+ dxc3 38. bxc3 c4+ 39.
Kc2 Rg8 40. Nd1 Ke4 41. Nf2+ Ke3 42. Rf3+ Ke2 43. Kb2 Rb8+ 44. Kc2 Rb3 45. g5 fxg5 46. Ne4 g4 47. Rxf7 Ke3 48. Nd2 Rxc3+ 49. Kd1 Rd3 0-1

[Event "*** MasterClass Titled Tuesday Blitz"]
[Site "Chess.com"]
[Date "2017.11.07"]
[Round "10"]
[White "AndrewMcStone"]
[Black "ChadBiryani"]
[Result "0-1"]
[WhiteElo "2080"]
[BlackElo "2181"]
[TimeControl "180+2"]
[EndTime "16:19:29 PST"]
[Termination "ChadBiryani won on time"]

1. d4 Nf6 2. c4 g6 3. Nc3 Bg7 4. e4 d6 5. Nge2 O-O 6. Ng3 e5 7. d5 c6 8. Be2 cxd5 9. cxd5 a6 10. Be3 b5 11. b4 Nbd7 12. a4 bxa4 13. Qxa4 Qc7 14.
Qc6 Qb8 15. O-O Bb7 16. Qa4 Rc8 17. Rfc1 h5 18. f3 a5 19. bxa5 Nc5 20. Qb4 Nfd7 21. Rab1 Qc7 22. Nb5 Qb8 23. Na3 Qc7 24. Nb5 Qb8 25.
Rc3 Ba6 26. Nf1 f5 27. Kf2 f4 28. Bd2 g5 29. Na3 Bxe2 30. Kxe2 Qxb4 31. Rxb4 Rxa5 32. Nc4 Ra6 33. g3 Nf6 34. Bc1 fxg3 35. hxg3 g4 36. Nfe3 gxf3+ 37. Kxf3 Rf8 38. Nf5 Nfxe4 39. g4 hxg4+ 40.
Kxg4 Nxc3 41. Ncxd6 Nxd5 42. Rb5 Rc6 43. Nc4 Nf6+ 44.
Kg5 Ne6+ 45. Kg6 Ne4 46. Ne7+ Kh8 47. Nxc6 Nf4+ 0-1

[Event "*** MasterClass Titled Tuesday Blitz"]
[Site "Chess.com"]
[Date "2017.11.07"]
[Round "10"]
[White "Lunaticx"]
[Black "GM_dmitrij"]
[Result "1-0"]
[WhiteElo "2691"]
[BlackElo "2616"]
[TimeControl "180+2"]
[EndTime "16:19:32 PST"]
[Termination "Lunaticx won by resignation"]

1. d4 d5 2. c4 e6 3. Nf3 Nf6 4. g3 Bb4+ 5. Bd2 Bd6 6. Qc2 O-O 7. Bg2 Nbd7 8. O-O c6 9. b3 Ne4 10. Bc1 f5 11. Ba3 Bxa3 12. Nxa3 Qe7 13. Qb2 b6 14. b4 Bb7 15. Rfc1 a5 16. b5 c5 17. cxd5 Bxd5 18.
Nc4 Rac8 19. Nce5 cxd4 20. Qxd4 Ndc5 21. Nc4 Qb7 22. Nfe5 Rfd8 23. Qe3 Rc7 24. Bxe4 Bxe4 25. Nxa5 bxa5 26. Rxc5 Rxc5 27. Qxc5 Rd5 28. Qc3 Rxb5 29.
f3 Bd5 30. Rc1 h6 31. a4 Rb1 32. Nd3 Qb6+ 33. Kg2 Rxc1 34. Qxc1 Qd4 35. Qc2 Qc4 36. Qxc4 Bxc4 37. Kf2 Kf7 38. Ke3 Ke7 39. Kd4 Bxd3 40. exd3 Kd6 41. f4 Kc6 42. Ke5 Kd7 43. d4 g6 44. d5 exd5 45. Kxd5 Ke7 46. Kc5 Ke6 47. Kb5 Kd5 48. Kxa5 Kc5 49. Ka6 Kc6 50. a5 g5 51.
h4 gxf4 52. gxf4 h5 53. Ka7 Kc7 54. a6 Kc8 55. Kb6 Kb8 56. Kc5 Ka7 57. Kd5 1-0

[Event "*** MasterClass Titled Tuesday Blitz"]
[Site "Chess.com"]
[Date "2017.11.07"]
[Round "10"]
[White "VladDobrov"]
[Black "dretch"]
[Result "0-1"]
[WhiteElo "2644"]
[BlackElo "2616"]
[TimeControl "180+2"]
[EndTime "16:19:55 PST"]
[Termination "dretch won by resignation"]

1. d4 d5 2. c4 c6 3. Nc3 Nf6 4. e3 e6 5. Nf3 Nbd7 6. Bd3 b6 7. O-O Bb7 8. e4 dxe4 9. Nxe4 Nxe4 10. Bxe4 Nf6 11.
Bc2 Be7 12. Qe2 O-O 13. Rd1 Qc7 14. c5 bxc5 15. dxc5 Bxc5 16. Bg5 Be7 17. Rd4 Rad8 18. Rh4 g6 19. Ne5 Nd5 20. Bxe7 Qxe7 21. Ra4 a6 22.
Bd3 Nb4 23. Bc4 c5 24. a3 Qg5 25. Nf3 Bxf3 26. Qxf3 Nc2 27. Rf1 Nd4 28. Qe3 Qxe3 29. fxe3 Nf5 30. Re1 Rd2 31. b3 Rfd8 32. Rxa6 Rb2 33.
a4 Rdd2 34. Bf1 Nh4 35. Rc1 Nxg2 36. a5 Nxe3 37. Rc6 Nxf1 38. Kxf1 Rxh2 39. Kg1 Rbg2+ 40. Kf1 Ra2 41. Kg1 Rhg2+ 42. Kh1 Rg5 43. a6 Kg7 44.
Rd1 Ra5 45. Rd7 c4 46. bxc4 Rg4 47. c5 Ra3 48. Kh2 Ra2+ 49. Kh3 h5 50. Rxe6 Ra3+ 51.
Kh2 Rc4 52. Re2 Rxa6 53. Rf2 Rf6 54. Rxf6 Kxf6 55. Rc7 g5 56. c6 Ke6 57. Rc8 f6 58. c7 Kf5 59. Rh8 Rxc7 60. Rxh5 Kg4 61. Rh8 Rc2+ 62. Kg1 Kg3 63. Kf1 f5 64. Rc8 0-1

[Event "*** MasterClass Titled Tuesday Blitz"]
[Site "Chess.com"]
[Date "2017.11.07"]
[Round "10"]
[White "Abdodi"]
[Black "thegreendog"]
[Result "1-0"]
[WhiteElo "2136"]
[BlackElo "2320"]
[TimeControl "180+2"]
[EndTime "16:20:34 PST"]
[Termination "Abdodi won by resignation"]

1. e4 c5 2. d3 Nc6 3. Nf3 g6 4. g3 Bg7 5. Bg2 d6 6. O-O Nf6 7. c3 O-O 8. Re1 b6 9. Qc2 Bb7 10. Nbd2 Rc8 11. h4 e5 12. Nf1 Qd7 13. Ne3 h5 14. Nd5 Nxd5 15. exd5 Ne7 16. c4 f5 17.
Bg5 b5 18. Rad1 b4 19. b3 a5 20. Bxe7 Qxe7 21. Ng5 Bh6 22. Ne6 Rfe8 23. Bh3 Ra8 24.
Qe2 Bc8 25. f4 Bxe6 26. dxe6 Qxe6 27. Bg2 e4 28. dxe4 Rad8 29. e5 Kh8 30. Bd5 Qe7 31. e6 Bg7 32. Bc6 Rf8 33. Bd7 Bd4+ 34. Rxd4 cxd4 35. Qd2 Kg8 36. Rd1 Rxd7 37. exd7 Qxd7 38. Qxd4 Rd8 39. Qd5+ Kf8 40. Qxa5 Re8 41. Qd5 Re2 42. Qxd6+ Qxd6 43. Rxd6 Rxa2 44. Rb6 Ra1+ 45. Kf2 Ra2+ 46.
Kf3 Rc2 47. Rxb4 Rc3+ 48. Kg2 Rc2+ 49. Kh3 Kf7 50. Rb6 Rc1 51. Rb5 Rh1+ 52. Kg2 Rc1 53. c5 Rc2+ 54. Kh3 Ke6 55. b4 Kd5 56. Rb6 Ke4 57.
c6 Kf3 58. Ra6 Kf2 59. b5 Rc3 60. Ra2+ Kf3 61. Rb2 Rc1 62. Kh2 Kg4 63. b6 g5 64.
fxg5 f4 65. gxf4 Rc2+ 66. Rxc2 1-0

[Event "*** MasterClass Titled Tuesday Blitz"]
[Site "Chess.com"]
[Date "2017.11.07"]
[Round "10"]
[White "Khamrakulov_Djurabek"]
[Black "Squirlolz"]
[Result "1-0"]
[WhiteElo "2652"]
[BlackElo "2473"]
[TimeControl "180+2"]
[EndTime "16:21:40 PST"]
[Termination "Khamrakulov_Djurabek won by resignation"]

1. e4 e6 2. d4 d5 3. Nd2 c5 4. Ngf3 cxd4 5. exd5 Qxd5 6. Bc4 Qd6 7. O-O Nf6 8. Nb3 Nc6 9. Nbxd4 Nxd4 10. Qxd4 Bd7 11.
Bf4 Qxd4 12. Nxd4 Rc8 13. Bb3 Bc5 14. Rad1 O-O 15. Rfe1 Rfd8 16. h3 Be8 17. Be5 Nd7 18. Bg3 Nf6 19. Be5 Nd7 20. Bg3 Nf6 21. Be5 Nd7 22.
Bg3 Nf6 23. c3 Bxd4 24. cxd4 Bc6 25. Bh4 Bd5 26. Bxd5 Rxd5 27. Rc1 Rxc1 28. Rxc1 g5 29. Bg3 Kg7 30. Be5 Kg6 31. Bxf6 Kxf6 32. Rc7 Rb5 33. b3 Rb4 34. Kf1 a5 35. Rc4 Rb5 36. Ke2 h5 37.
Ke3 h4 38. Ke4 Rf5 39. f3 b6 40. Rc6 Rb5 41. Kd3 Kf5 42. Kc4 Rb4+ 43. Kc3 Kf4 44.
a3 Rb5 45. Kc4 Rf5 46. Rxb6 Kg3 47. a4 Kxg2 48. Rb5 Kxf3 49. b4 g4 50. Rxf5+ exf5 51. bxa5 g3 52. a6 g2 53. a7 g1=Q 54. a8=Q+ Ke3 55.
Qe8+ Kf4 56. Qe5+ Kf3 57. Qxf5+ Ke3 58. Qe5+ Kd2 59. Qf4+ Kc2 60. Qxf7 Qg3 61. Qf5+ Kb2 62. Qb5+ Kc2 63. Qf5+ Kb2 64. Kd5 Qb3+ 65. Ke5 Qxa4 66. Qf2+ Kc3 67. Qe1+ Kd3 68. Qe4+ Kc3 69. Qf3+ Kd2 70.
Qf4+ Kd3 71. Qe4+ Kd2 72. d5 Qe8+ 73. Kf4 Qf7+ 74. Kg4 Qg7+ 75. Kxh4 Qh6+ 76. Kg4 Qg7+ 77. Kf3 Qg1 78. Qe2+ Kc3 79. Qe3+ 1-0

[Event "*** MasterClass Titled Tuesday Blitz"]
[Site "Chess.com"]
[Date "2017.11.07"]
[Round "10"]
[White "hypert"]
[Black "amurdercastle"]
[Result "1-0"]
[WhiteElo "2333"]
[BlackElo "2288"]
[TimeControl "180+2"]
[EndTime "16:21:56 PST"]
[Termination "hypert won by resignation"]

1. e4 c6 2. d4 d5 3. e5 Bf5 4. Nf3 e6 5. Be2 Be7 6. O-O Nh6 7. Nbd2 O-O 8. Nb3 Bg6 9. a4 Nd7 10. a5 a6 11. Be3 Nf5 12. Qd2 f6 13. exf6 Bxf6 14. Bf4 Re8 15. c3 e5 16. Nxe5 Nxe5 17. Bxe5 Bxe5 18. dxe5 Rxe5 19. g3 Qf6 20. Rae1 Rae8 21.
Bg4 Nd6 22. Nc5 Nc4 23. Qc1 Qe7 24. Be6+ Kh8 25. Rxe5 Nxe5 26. Qe3 Be4 27. Nxe4 dxe4 28. Bf5 Nc4 29. Qd4 Nd6 30. Bh3 h6 31. Re1 Qe5 32.
Qxe5 Rxe5 33. Rd1 Rd5 34. Rxd5 cxd5 35. Be6 Nc4 36. Bxd5 Nxa5 37. Bxe4 b5 38. b4 Nc4 39.
Bb7 a5 40. bxa5 Nxa5 41. Ba6 Kg8 42. Bxb5 Kf7 43. Kg2 Ke6 44. Kf3 Kd5 45. c4+ Ke5 46. h4 Nb7 47. Kg4 Nc5 48. f4+ Kf6 49. h5 Ne4 50. Bc6 Nc5 51. Bd5 Nd7 52. Kf3 Nc5 53. g4 Ke7 54. Ke3 Kd6 55. Kd4 Nd7 56. Ke4 Nf6+ 57.
Kf5 Ke7 58. Bf3 Nd7 59. Kg6 Kf8 60. Bc6 Nc5 61. g5 hxg5 62. fxg5 Kg8 63. Bd5+ Kh8 64.
Kf5 Kh7 65. Ke5 Nd3+ 66. Kd6 Nf4 67. c5 Nxh5 68. c6 Kg6 69. c7 Kxg5 70. c8=Q Nf6 71. Be6 Kf4 72. Qc1+ Ke4 73. Qg1 Kf4 74. Qg6 Kf3 75. Ke7 Kf4 76. Kf7 Ne4 77. Qf5+ Ke3 78.
Kxg7 Kd4 79. Bf7 Ke3 80. Bg6 Nf2 81. Qe5+ Kf3 82. Bh5+ Kg2 83. Qe3 Nh3 84. Qf3+ Kh2 85. Bg4 Ng1 86. Qf2+ Kh1 87. Bf3+ Nxf3 88. Qxf3+ Kh2 89.
Qg4 1-0

[Event "*** MasterClass Titled Tuesday Blitz"]
[Site "Chess.com"]
[Date "2017.11.07"]
[Round "10"]
[White "champ2005"]
[Black "Giorno"]
[Result "1/2-1/2"]
[WhiteElo "2439"]
[BlackElo "2347"]
[TimeControl "180+2"]
[EndTime "16:22:40 PST"]
[Termination "Game drawn by stalemate"]

1. e4 Nf6 2. e5 Nd5 3. d4 d6 4.
Nf3 dxe5 5. Nxe5 c6 6. Bd3 g6 7.
O-O Bg7 8. Qe2 O-O 9. c3 Nd7 10.
Na3 Nxe5 11. dxe5 Qc7 12. f4 f6 13. exf6 exf6 14. Bd2 Bd7 15. Qf2 f5 16. Rae1 Rfe8 17. g3 b6 18. Nc2 Nf6 19. Be3 Ng4 20. Qd2 Nxe3 21. Nxe3 Be6 22. Bc4 Qf7 23. Bxe6 Rxe6 24. Nc2 Rae8 25. b3 Qf6 26. c4 Rxe1 27. Rxe1 Rxe1+ 28. Qxe1 Kf7 29. Qd2 Qe7 30. Ne3 c5 31. Qd5+ Qe6 32. Qxe6+ Kxe6 33. Nd5 Bd4+ 34. Kg2 Kd6 35.
Kf3 b5 36. h3 bxc4 37. bxc4 Kc6 38. g4 fxg4+ 39. Kxg4 Kd6 40. f5 gxf5+ 41. Kxf5 h6 42.
h4 Bb2 43. h5 Bc1 44. Nf6 Kc6 45.
Kg6 Kb6 46. Ng4 Ka5 47. Nxh6 Kb4 48. Nf7 Kxc4 49. Ng5 Bb2 50. h6 Kb4 51. Ne6 c4 52.
Ng7 c3 53. h7 c2 54. h8=Q c1=Q 55. Qb8+ Kc4 56. Qc7+ Kd3 57. Qd6+ Kc2 58. Qc7+ Bc3 59. Nf5 Qg1+ 60. Kf7 Qf2 61. Ke6 Kb2 62. Qc4 Qb6+ 63.
Kd7 Qb7+ 64. Ke6 Qb6+ 65. Kd7 a5 66. Nd6 Qb4 67. Qe2+ Ka3 68. Nc4+ Ka4 69. Qc2+ Kb5 70. Nd6+ Kb6 71. Qf2+ Bd4 72. Qf8 Qa4+ 73. Ke7 Qc6 74. Qb8+ Ka6 75. a4 Bc5 76. Ke6 Bxd6 77. Qxd6 Kb6 78.
Ke5 Qxd6+ 79. Kxd6 Ka6 80. Kc5 Kb7 81. Kb5 Ka7 82.
Kxa5 Kb7 83. Kb5 Ka7 84. a5 Kb7 85. a6+ Ka7 86. Ka5 Kb8 87. Kb6 Ka8 88. a7 1/2-1/2